 Dungeon Crawl Stone Soup version 0.30-a0-269-gf0224bf7b6 (webtiles) character file.

Game seed: 172243389123968946

3339 purpskrrrp the Covert (level 10, -2/92 HPs)
             Began as a Naga Fighter on Oct 14, 2022.
             Was a Believer of Ru.
             Slain by a yak (4 damage)
             ... on level 8 of the Dungeon.
             The game lasted 00:15:50 (8293 turns).

purpskrrrp the Covert (Naga Fighter)                Turns: 8293, Time: 00:15:51

Health: -2/92      AC: 18    Str: 28    XL:     10   Next: 2%
Magic:  10/10      EV:  5    Int:  9    God:    Ru [**....]
Gold:   228        SH:  5    Dex: 15    Spells: 9/9 levels left

rFire   . . .      SeeInvis +    a - +1 war axe
rCold   . . .      Faith    .    c - +0 buckler
rNeg    . . .      Spirit   .    b - +0 scale mail
rPois   +          Reflect  .    l - +2 helmet
rElec   .          Harm     .    u - +1 cloak
rCorr   .          Rampage  .    (no gloves)
Will    +....                    r - +0 barding of Tinkeew {Dex+4}
Stlth   +++.......               C - amulet of the acrobat
HPRegen 0.35/turn                x - +6 ring of strength
MPRegen 0.12/turn                (no ring)

@: very slow
A: AC +3, large, see invisible, deformed body, poison resistance, slowness 2,
spit poison 1, hated by all, naga tail 1
a: Spit Poison, Renounce Religion


You were on level 8 of the Dungeon.
You worshipped Ru.
Ru was pleased with you.
You visited 2 branches of the dungeon, and saw 9 of its levels.

You collected 338 gold pieces.
You spent 110 gold pieces at shops.

Inventory:

Hand Weapons
 a - a +1 war axe (weapon)
Armour
 b - a +0 scale mail (worn)
 c - a +0 buckler (worn)
 l - a +2 helmet (worn)
 r - the +0 barding of Tinkeew (worn) {Dex+4}
   (You acquired it on level 7 of the Dungeon)

   Dex:       It affects your dexterity (+4).
 u - a +1 cloak (worn)
Jewellery
 h - a ring of fire
 k - an amulet of guardian spirit
 x - a +6 ring of strength (left hand)
 y - an amulet of regeneration
 C - an amulet of the acrobat (around neck)
Wands
 o - a wand of digging (9)
 p - a wand of paralysis (9)
 E - a wand of flame (27)
 I - a wand of iceblast (12)
Scrolls
 e - 4 scrolls of amnesia
 m - a scroll of magic mapping
 q - a scroll of identify
 w - a scroll of poison
 A - a scroll of torment
 J - 2 scrolls of enchant weapon
Potions
 d - 2 potions of might
 f - 2 potions of resistance
 g - a potion of flight
 i - 4 potions of brilliance
 s - a potion of attraction
 v - a potion of lignification
 F - a potion of mutation


   Skills:
 + Level 6.5 Fighting
 * Level 8.2 Axes
 + Level 5.3 Armour
 + Level 8.3 Stealth
 + Level 5.8 Shields


You had 9 spell levels left.
You didn't know any spells.
Your spell library contained the following spells:

 Spells                   Type           Power      Damage    Failure   Level
 Beastly Appendage        Tmut           0%         N/A       71%         1
 Slow                     Hex            0%         N/A       71%         1
 Ensorcelled Hibernation  Hex/Ice        0%         N/A       83%         2
 Dazzling Flash           Conj/Hex       0%         N/A       97%         3
 Kindle Blastsparks       Fire/Tloc/Air  0%         2d10      97%         3
 Spider Form              Tmut/Pois      0%         N/A       97%         3
 Anguish                  Hex/Necr       0%         N/A       100%        4
 Fulminant Prism          Conj/Hex       0%         3d6       100%        4
 Iskenderun's Mystic Bla  Conj/Tloc      0%         2d3       100%        4
 Manifold Assault         Tloc           0%         N/A       100%        4
 Lee's Rapid Deconstruct  Erth           0%         3d5*      100%        5
 Dispersal                Tloc           0%         N/A       100%        6
 Starburst                Conj/Fire      0%         6d3       100%        6
 Disjunction              Tloc           0%         N/A       100%        8
 Summon Small Mammal      Summ           Unusable   N/A       N/A         1
 Call Canine Familiar     Summ           Unusable   N/A       N/A         3
 Summon Guardian Golem    Hex/Summ       Unusable   N/A       N/A         3

Dungeon Overview and Level Annotations

Branches:
Dungeon (8/15)             Temple (1/1) D:6
   Lair: D:8-11

Altars:
Ashenzari
Dithmenos
Elyvilon
Gozag
Nemelex Xobeh
Okawaru
Qazlal
Ru
Sif Muna
Trog
Uskayaw
Vehumet
Xom
Zin
The Shining One

Shops:
D:5 *


Innate Abilities, Weirdness & Mutations

Your serpentine skin is tough. (AC +3)
You have supernaturally acute eyesight. (SInv)
Armour fits poorly on your strangely shaped body.
Your system is resistant to poisons. (rPois)
You cover ground very slowly.
You can spit poison.
You are hated by all.
You have a snake-like lower body.


Message History

The yak is stunned by your conviction and fails to attack.
You slash the yak!
The yak is almost dead.
The yak gores you.
* * * LOW HITPOINT WARNING * * *
You hit the yak.
You kill the yak!
You have reached level 10!
You slash the yak!
The yak is moderately wounded.
The yak gores you.
* * * LOW HITPOINT WARNING * * *
You hit the yak.
The yak is heavily wounded.
The yak completely misses you.
You hit the yak but do no damage.
The yak is heavily wounded.
The yak gores you but does no damage.
You hit the yak.
The yak is heavily wounded.
The yak gores you!
* * * LOW HITPOINT WARNING * * *
You closely miss the yak.
The yak is heavily wounded.
The yak gores you but does no damage. x2
You hit the yak.
The yak is severely wounded.
The yak gores you.
* * * LOW HITPOINT WARNING * * *
You hit the yak but do no damage.
The yak is severely wounded.
The yak gores you!
* * * LOW HITPOINT WARNING * * *
You hit the yak.
The yak is severely wounded.
The yak gores you but does no damage.
You hit the yak but do no damage.
The yak is severely wounded.
The yak gores you.
You die...

.# ..........# #.#
###....
#.####...##### #.#
....# ##.#...... .#
#####.#
#.####....##### ##
......# #.........#
.###### ######...##
.######.# ###.###
.......# #.....#
.####.## #@###.# .#
#Y# #.# ## #.###.# #
#...Y)# # ###.### #
#.#
##################.#
...................#
####################


You could see a yak.

Vanquished Creatures
  Joseph (D:7)
  5 yaks (D:8)
  A wyvern (D:7)
  Menkaure (D:6)
  2 water moccasins
  An orc warrior (D:7)
  A black bear (D:6)
  2 centaurs
  An ogre (D:4)
  A phantom (D:3)
  A kobold brigand (D:7)
  3 bullfrogs
  A scorpion (D:5)
  A necrophage (D:4)
  A gnoll bouda (D:7)
  2 hounds (D:5)
  4 orc priests
  2 jellies
  Crazy Yiuf (D:3)
  5 iguanas
  6 orc wizards
  13 gnolls
  7 adders
  A shadow imp (D:7)
  2 white imps
  An ufetubus (D:4)
  2 worms (D:3)
  7 dart slugs
  33 orcs
  7 ball pythons
  7 endoplasms
  7 giant cockroaches
  3 goblins
  9 hobgoblins
  2 jackals (D:2)
  5 quokkas
  A bat (D:1)
  4 frilled lizards
  9 kobolds
  8 rats
171 creatures vanquished.

Vanquished Creatures (others)
  2 plants (D:2)
2 creatures vanquished.

Grand Total: 173 creatures vanquished

Notes
Turn   | Place    | Note
-------+----------+-------------------------------------------
     0 | D:1      | purpskrrrp the Naga Fighter began the quest for the Orb.
     0 | D:1      | Reached XP level 1. HP: 21/21 MP: 1/1
    50 | D:1      | Got Votrora's Beginning Course on Spellweaving
    66 | D:1      | Reached XP level 2. HP: 22/28 MP: 2/2
   236 | D:1      | Reached XP level 3. HP: 34/34 MP: 3/3
   860 | D:2      | Reached skill level 1 in Stealth
   973 | D:2      | Reached XP level 4. HP: 42/42 MP: 4/4
  1695 | D:3      | Found a glowing silver altar of Zin.
  1914 | D:3      | Noticed a phantom
  1921 | D:3      | Killed a phantom
  1922 | D:3      | Reached XP level 5. HP: 42/50 MP: 3/5
  2032 | D:3      | Reached XP level 6. HP: 26/57 MP: 2/6
  2440 | D:3      | Found a runed translucent door.
  2441 | D:3      | Noticed Crazy Yiuf
  2679 | D:3      | Killed Crazy Yiuf
  3154 | D:4      | Reached XP level 7. HP: 66/66 MP: 7/7
  3711 | D:4      | Identified the +4 sling of War {flame, rPois Dex+5}
  3809 | D:5      | Entered Level 5 of the Dungeon
  3955 | D:5      | Reached skill level 5 in Axes
  4074 | D:5      | Identified the +5 dagger "Icatz" {antimagic, rCorr}
  4090 | D:5      | Found Liwenihia's Assorted Antiques.
  4102 | D:5      | Bought a sapphire ring for 110 gold pieces
  4543 | D:5      | Reached XP level 8. HP: 73/73 MP: 8/8
  4829 | D:6      | Found a staircase to the Ecumenical Temple.
  4849 | Temple   | Entered the Ecumenical Temple
  5082 | Temple   | Became a worshipper of Ru the Awakened
  5232 | D:6      | Reached skill level 5 in Stealth
  5534 | D:6      | Reached skill level 5 in Fighting
  5612 | D:6      | Noticed Menkaure
  5618 | D:6      | Killed Menkaure
  6397 | D:7      | Noticed a wyvern
  6407 | D:7      | Killed a wyvern
  6614 | D:7      | Reached XP level 9. HP: 61/81 MP: 9/9
  6716 | D:7      | Reached skill level 5 in Shields
  7151 | D:7      | Gained mutation: You are hated by all. [Ru sacrifice]
  7151 | D:7      | Reached * piety under Ru
  7151 | D:7      | Reached ** piety under Ru
  7232 | D:7      | Noticed Joseph
  7246 | D:7      | Killed Joseph
  7509 | D:7      | Identified a scroll of acquirement
  7724 | D:7      | Acquired the +0 barding of Tinkeew {Dex+4}
  7765 | D:8      | Reached skill level 5 in Armour
  7797 | D:8      | Identified the +1 helmet of Rudir {rF++}
  8285 | D:8      | Reached XP level 10. HP: 18/92 MP: 10/10
  8291 | D:8      | HP: 1/92 [yak (7)]
  8293 | D:8      | Slain by a yak

Illustrated notes

Levels and vault maps discovered:
D:1:      beargit_arrival_diablo_church, layout_basic
D:2:      wad_woods_tower, layout_basic
D:3:      layout_loops_ring, nicolae_overflow_crystal_walls,
          kennysheep_generic_room_4, uniq_crazy_yiuf_cottage
D:4:      layout_gridville
D:5:      layout_loops_corners, serial_shops, nicolae_shop_waterfront
D:6:      layout_loops_ring, minmay_temple_entry_tees, minivault_5,
          chequers_avenue, minmay_crystal_water, uniq_menkaure
D:7:      layout_loops_ring, st_stairs_5, uniq_joseph
D:8:      layout_loops_ring, nicolae_hepliaklqana_hazy_memory,
          nicolae_figureground_pulse
Temple:   kb_temple_of_zot

Skill      XL: |  1  2  3  4  5  6  7  8  9 |
---------------+----------------------------+-----
Shields        | 3 4 5 |  5.8
Stealth        | 1 2 3 4 6 8 |  8.3
Axes           | 3 4 5 6 8 |  8.2
Armour         | 3 4 5 |  5.3
Fighting       | 4 5 6 |  6.5

Action                   |  1- 3 |  4- 6 |  7- 9 | 10-12 || total
-------------------------+-------+-------+-------+-------++-------
Melee: War axe           |    50 |   142 |   265 |     9 ||   466
Invok: Sacrifice Love    |       |       |     1 |       ||     1
 Abil: Spit Poison       |    19 |    23 |    45 |       ||    87
  Use: Scroll            |     4 |     4 |    16 |       ||    24
       Potion            |       |       |     4 |       ||     4
 Stab: Sleeping          |       |       |     1 |       ||     1
Armor: Scale mail        |    20 |    64 |   154 |     4 ||   242
Dodge: Dodged            |    17 |    47 |   126 |     1 ||   191
Block: Buckler           |     8 |    29 |    73 |       ||   110

Table legend: (Time is in decaauts)
 A = Elapsed time spent in this place.
 B = Non-inter-level travel time spent in this place.
 C = Inter-level travel time spent in this place.
 D = Time resting spent in this place.
 E = Time spent auto-exploring this place.
 F = Levels seen in this place.
 G = Mean time per level.
                   A        B        C        D        E       F      G
               +--------+--------+--------+--------+--------+-----+--------+
         Total |  10411 |   9989 |    422 |   1174 |   7283 |   9 | 1156.8 |
       Dungeon |  10051 |   9668 |    383 |   1174 |   7137 |   8 | 1256.4 |
        Temple |    359 |    320 |     39 |      0 |    145 |   1 |  359.0 |
               +--------+--------+--------+--------+--------+-----+--------+

Top non-repeatable levels by time:
     D:6: 1740 daAuts
     D:3: 1662 daAuts
     D:7: 1647 daAuts
     D:4: 1189 daAuts
     D:5: 1177 daAuts
     D:2: 1071 daAuts
     D:1: 965 daAuts
     D:8: 598 daAuts
  Temple: 359 daAuts
